 Dungeon Crawl Stone Soup version 0.28-a0-384-g9e0c098162 (webtiles) character file.

Game seed: 6279509941393614293

93389 robertstho the Eclecticist (level 16, -8/113 HPs)
             Began as a Djinni Fire Elementalist on Sept 1, 2021.
             Was an Initiate of Gozag.
             Shot with an arrow by a naga sharpshooter (23 damage)
             ... on level 1 of the Snake Pit on Sept 2, 2021.
             The game lasted 00:57:12 (41025 turns).

robertstho the Eclecticist (DjFE)                  Turns: 41025, Time: 00:57:13

Health: -8/113     AC: 17    Str:  7    XL:     16   Next: 56%
Gold:   5103       EV: 10    Int: 25    God:    Gozag SH:  0 Dex: 22

rFire   + + .      SeeInvis .   R - +8 whip "Snakebite" {venom, curare, rPois}
rCold   x . .      Faith    .   (no shield)
rNeg    . . .      Spirit   .   x - +1 scale mail "Jilaario" {Int+3}
rPois   ∞          Reflect  .   M - +1 helmet
rElec   .          Harm     .   F - +1 cloak
rCorr   .          Rampage  .   (no gloves)
Will    +....                   (boots unavailable)
Stlth   ++........              I - amulet of the acrobat
HPRegen 0.28/turn               N - +4 ring of protection
MPRegen 0.00/turn               z - +6 ring of dexterity

@: gold aura, flying, very slightly contaminated, studying 2 skills, invisible
A: sickness immunity, fire resistance 2, cold vulnerability 1, float, innate
caster, hp casting, extra vitality 1
a: Renounce Religion, Potion Petition, Call Merchant, Bribe Branch


You were on level 1 of the Snake Pit.
You worshipped Gozag.
Gozag was greatly pleased with you.
You visited 4 branches of the dungeon, and saw 22 of its levels.
You also visited: Sewer and Volcano.

You collected 9278 gold pieces.
You spent 2512 gold pieces at shops.
You paid 1663 gold pieces to Gozag.

Inventory:

Hand Weapons
 a - a +0 great sword of flaming
 j - a +2 dagger of draining
 l - the +6 hand axe of Tumult {freeze, Int+7}
   (You bought it in a shop on level 13 of the Dungeon)

   It freezes those it strikes, dealing additional cold damage.
   It can also slow down cold-blooded creatures.
   Int:       It affects your intelligence (+7).
 o - a +2 quick blade of flaming
 r - the +7 dagger "Vehirph" {vorpal, rCorr}
   (You took it off a goblin on level 4 of the Dungeon)

   It inflicts extra damage upon your enemies.
   rCorr:     It protects you from acid and corrosion.
 R - the +8 whip "Snakebite" (weapon) {venom, curare, rPois}
   (You found it on level 4 of the Lair of Beasts)

   It poisons the flesh of those it strikes.
   It occasionally inflicts asphyxiating poison on those it strikes, dealing
   poison damage and causing slowness.
   rPois:     It protects you from poison.
Armour
 x - the +1 scale mail "Jilaario" (worn) {Int+3}
   (You found it on level 10 of the Dungeon)

   Int:       It affects your intelligence (+3).
 F - a +1 cloak (worn)
 M - a +1 helmet (worn)
Jewellery
 c - a +6 ring of intelligence
 z - a +6 ring of dexterity (right hand)
 I - an amulet of the acrobat (around neck)
 J - a ring of ice
 N - a +4 ring of protection (left hand)
 O - a ring of protection from fire
Wands
 u - a wand of digging (5)
 y - a wand of acid (6)
 B - a wand of paralysis (11)
 G - a wand of iceblast (16)
 Q - a wand of flame (24)
 T - a wand of mindburst (12)
Scrolls
 d - 5 scrolls of vulnerability
 f - 3 scrolls of immolation
 m - 2 scrolls of holy word
 n - 3 scrolls of fog
 q - 10 scrolls of teleportation
 t - 2 scrolls of fear
 v - 2 scrolls of enchant armour
 w - a scroll of summoning
 A - 5 scrolls of magic mapping
 E - a scroll of silence
 H - 2 scrolls of brand weapon
 K - 4 scrolls of identify
 L - 4 scrolls of blinking
 P - 3 scrolls of enchant weapon
Potions
 b - 10 potions of curing
 e - 3 potions of mutation
 g - 2 potions of cancellation
 h - 2 potions of invisibility
 i - 2 potions of berserk rage
 k - 4 potions of heal wounds
 p - 5 potions of brilliance
 s - a potion of might
 D - 4 potions of resistance
 U - a potion of haste
Miscellaneous
 C - a condenser vane
 S - a tin of tremorstones (2/2)


   Skills:
 * Level 10.0 Fighting
 + Level 1.8 Short Blades
 + Level 8.0 Armour
 + Level 5.2 Dodging
 + Level 4.3 Stealth
 * Level 17.9 Spellcasting
 + Level 0.4 Evocations


You had 9 spell levels left.
You knew the following spells:

 Your Spells              Type           Power      Damage    Failure   Level
a - Foxfire               Conj/Fire      100%       2x1d9     0%          1
b - Conjure Flame         Conj/Fire      84%        6-21      1%          3
c - Inner Flame           Hex/Fire       84%        N/A       1%          3
d - Sticky Flame          Conj/Fire      84%        2d10      1%          4
e - Fireball              Conj/Fire      42%        3d17      1%          5
f - Magic Dart            Conj           100%       1d8       0%          1
g - Poisonous Vapours     Pois/Air       100%       N/A       1%          2
h - Wereblood             Tmut           84%        N/A       1%          2
i - Hailstorm             Conj/Ice       84%        3d17      1%          4
j - Bolt of Magma         Conj/Fire/Erth 42%        4d18      1%          5
k - Alistair's Intoxicat  Tmut/Pois      56%        N/A       1%          5
l - Dispersal             Tloc           42%        N/A       1%          6
Your spell library was empty.

Dungeon Overview and Level Annotations

Branches:
Dungeon (13/15)            Temple (0/1) D:4            Lair (6/6) D:10
  Swamp (0/4) Lair:2        Snake (1/4) Lair:3        Slime (0/5) Lair:5
    Orc (2/2) D:12            Elf (0/3) Orc:2        Vaults (0/5) D:13
  Sewer (visited)         Volcano (visited)

Altars:
Gozag
Hepliaklqana
Ru
Trog
Uskayaw
Xom
Yredelemnul
Beogh
Jiyva
Lugonu

Shops:
D:4 [**(   D:10 ?   D:13 =*(?   Orc:2 (?!   Snake:1 *

Portals:
Abyss: Lair:6


Innate Abilities, Weirdness & Mutations

You are immune to sickness and miasma.
You are immune to poison.
Your flesh is very heat resistant. (rF++)
You are vulnerable to cold. (rC-)
You float through the air rather than walking.
You learn spells naturally, not from books.
Your magical power is your life essence.
You have superior vitality. (+4 HP)


Message History

Casting: Fireball (mildly dangerous; 1% risk of failure)
Confirm with . or Enter, or press ? or * to list all spells.
Aiming: Fireball (mildly dangerous; 1% risk of failure)
Press: ? - help, Shift-Dir - straight line, f/p - naga sharpshooter
Aim: a naga sharpshooter, wielding a +0 shortbow, wearing a +0 robe and quivering arrows (heavily wounded, catching its breath)
The fireball explodes!
The fireball engulfs the naga sharpshooter!!
The naga sharpshooter is almost dead.
The fireball engulfs the naga!
You kill the naga!
* * * LOW HITPOINT WARNING * * *
The naga sharpshooter shoots an arrow.
The arrow hits you.
* * * LOW HITPOINT WARNING * * *
The naga sharpshooter shoots an arrow.
The arrow hits you but does no damage.
You feel much better.
The naga sharpshooter gestures wildly while chanting.
The naga sharpshooter magically shoots an arrow.
The arrow hits you.
The naga sharpshooter gestures wildly while chanting.
The naga sharpshooter magically shoots an arrow.
The arrow hits you.
You fade into invisibility!
The naga sharpshooter shoots an arrow.
The arrow hits you!
* * * LOW HITPOINT WARNING * * *
The naga sharpshooter is distracted by your dazzling golden aura.
You are very lightly contaminated with residual magic.
The naga sharpshooter shoots an arrow.
The arrow hits you.
* * * LOW HITPOINT WARNING * * *
Casting: Fireball (mildly dangerous; 1% risk of failure)
Confirm with . or Enter, or press ? or * to list all spells.
Aiming: Fireball (mildly dangerous; 1% risk of failure)
Press: ? - help, Shift-Dir - straight line, f/p - naga sharpshooter
Aim: a naga sharpshooter, wielding a +0 shortbow, wearing a +0 robe and quivering arrows (almost dead)
The fireball explodes!
The fireball engulfs the naga sharpshooter!!
You kill the naga sharpshooter!
* * * LOW HITPOINT WARNING * * *
The naga sharpshooter shoots an arrow.
The arrow hits you!!
You die...
Your body crumbles into a pile of gold.

..........#
..........##...# ..N.#
..........# ...# ....#
########## #..## ..$$##
#############...##.....#
...................$...#
.......................#
.......................#
................@......#
#############.....######
##############...##
............##.......
............##........
............##........
............##........
............##........
............##........


You could see a naga sharpshooter.

Vanquished Creatures
  Rupert (Lair:4)
  A storm dragon (shapeshifter) (Lair:6)
  Aizul (Snake:1)
  An orc warlord (Orc:2)
  12 hydras
  A rakshasa (D:13)
  A centaur warrior (D:12)
  A catoblepas (Lair:6)
  2 anacondas (Snake:1)
  9 two-headed ogres
  4 death yaks (Lair:2)
  3 orc high priests (Orc:2)
  4 thrashing horrors (Lair:6)
  A naga sharpshooter (Snake:1)
  5 skeletal warriors (D:13)
  A large abomination (Lair:6)
  A deep troll (D:13)
  A lindwurm (Lair:3)
  An orc knight (D:12)
  A phantasmal warrior (D:13)
  2 orc sorcerers (Orc:2)
  An oklob plant (D:10)
  10 elephants (Lair:6)
  3 manticores
  2 salamanders (Volcano)
  2 cyclopes
  9 black mambas
  A cane toad (shapeshifter) (Lair:6)
  3 gargoyles
  11 cane toads
  3 smoke demons (Lair:6)
  5 torpor snails
  A naga mage (Snake:1)
  Psyche (D:9)
  4 rime drakes
  2 unseen horrors (D:12)
  7 komodo dragons
  2 kobold demonologists
  A polar bear (Lair:5)
  2 ancient zymes (Lair:6)
  3 trolls
  Grinder (D:3)
  9 dream sheep
  30 blink frogs
  A slime creature (D:11)
  Sigmund (D:5)
  A spriggan (Lair:6)
  A redback (shapeshifter) (Lair:6)
  67 yaks
  A vampire (D:11)
  2 wraiths
  10 wyverns
  7 basilisks
  A chaos spawn (Lair:6)
  2 wargs (Orc:2)
  3 vampire mosquitoes (D:12)
  Menkaure (D:4)
  Edmund (D:4)
  2 nagas (Snake:1)
  2 acid dragons
  26 water moccasins
  10 small abominations (Lair:6)
  6 hell hounds
  A sky beast (D:7)
  33 orc warriors
  3 necrophages
  8 centaurs
  An ice beast (D:6)
  7 ogres
  17 wolves
  2 kobold brigands
  16 bullfrogs
  A gnoll sergeant (D:8)
  A scorpion (D:2)
  A water moccasin zombie (D:5)
  A killer bee (D:10)
  7 wights
  3 howler monkeys
  4 centaur zombies
  2 hounds (D:5)
  19 orc priests
  3 centaur skeletons
  3 gnoll shamans
  3 jellies
  5 bullfrog skeletons
  5 hell rats (Lair:5)
  4 iguanas
  22 orc wizards
  3 hound skeletons (D:4)
  22 gnolls
  15 adders
  A worm (D:3)
  A dart slug (D:2)
  110 orcs
  3 bats (D:1)
  7 endoplasms
  2 giant cockroaches
  6 hobgoblins
  14 jackals
  11 quokkas
  9 ball pythons
  3 frilled lizards
  7 goblins
  18 kobolds
  2 rats (D:2)
  A bush (Lair:3)
719 creatures vanquished.

Vanquished Creatures (collateral kills)
  18 foxfires
18 creatures vanquished.

Vanquished Creatures (others)
  A two-headed ogre (Volcano)
  772 foxfires
  24 fungi
  55 plants
852 creatures vanquished.

Grand Total: 1589 creatures vanquished

Notes
Turn   | Place    | Note
-------+----------+-------------------------------------------
     0 | D:1      | robertstho the Djinni Fire Elementalist began the quest for
                  | the Orb.
     0 | D:1      | Reached XP level 1. HP: 15/15 MP: 0/0
   256 | D:1      | Reached XP level 2. HP: 13/21 MP: 0/0
   652 | D:1      | Found a faded altar of an unknown god.
   715 | D:1      | Reached skill level 3 in Spellcasting
   907 | D:1      | Reached XP level 3. HP: 24/26 MP: 0/0
   907 | D:1      | Learned a level 1 spell: Magic Dart
  1811 | D:2      | Noticed a scorpion
  1817 | D:2      | Killed a scorpion
  1818 | D:2      | Reached skill level 1 in Fighting
  1818 | D:2      | Reached XP level 4. HP: 18/32 MP: 0/0
  2073 | D:2      | Reached XP level 5. HP: 33/37 MP: 0/0
  2073 | D:2      | Learned a level 2 spell: Poisonous Vapours
  2510 | D:2      | Reached skill level 4 in Spellcasting
  3573 | D:3      | Noticed Grinder
  3584 | D:3      | Killed Grinder
  3585 | D:3      | Reached skill level 5 in Spellcasting
  3585 | D:3      | Reached XP level 6. HP: 28/43 MP: 0/0
  3874 | D:4      | Found a bloodstained altar of Trog.
  3875 | D:4      | Found an opulent altar of Gozag.
  3876 | D:4      | Found a shimmering altar of Xom.
  3877 | D:4      | Found a sacrificial altar of Ru.
  3878 | D:4      | Found a hazy altar of Hepliaklqana.
  3878 | D:4      | Found a basalt altar of Yredelemnul.
  3879 | D:4      | Found a hide-covered altar of Uskayaw.
  3886 | D:4      | Became a worshipper of Gozag Ym Sagoz the Greedy
  3930 | D:4      | Noticed Edmund
  3951 | D:4      | Killed Edmund
  3952 | D:4      | Reached XP level 7. HP: 24/49 MP: 0/0
  3952 | D:4      | Learned a level 2 spell: Wereblood
  4178 | D:4      | Identified the +7 dagger "Vehirph" {vorpal, rCorr}
  4409 | D:4      | Found Isamy's General Store.
  4643 | D:4      | Found a staircase to the Ecumenical Temple.
  4643 | D:4      | Found Poullu's Weapon Shoppe.
  4678 | D:4      | Bought a potion of might for 56 gold pieces
  4678 | D:4      | Bought a scroll of amnesia for 49 gold pieces
  4678 | D:4      | Bought a scroll of identify for 28 gold pieces
  4678 | D:4      | Bought a potion of curing for 42 gold pieces
  4728 | D:4      | Found Dosujaz's Armour Shoppe.
  4742 | D:4      | Reached skill level 6 in Spellcasting
  4778 | D:4      | Reached XP level 8. HP: 50/54 MP: 0/0
  4809 | D:4      | Found Kuintewk's Assorted Antiques.
  4837 | D:4      | Bought a fizzy ruby potion for 22 gold pieces
  4837 | D:4      | Bought an emerald potion for 22 gold pieces
  4837 | D:4      | Bought a scroll labelled RIUFFA VEADINOQ for 25 gold pieces
  4954 | D:4      | Noticed Menkaure
  4960 | D:4      | Killed Menkaure
  5038 | D:5      | Entered Level 5 of the Dungeon
  5038 | D:5      | Noticed Sigmund
  5041 | D:5      | Killed Sigmund
  5375 | D:5      | Reached skill level 7 in Spellcasting
  5977 | D:5      | You are sucked into a shaft and drop 3 floors!
  6013 | D:7      | Reached XP level 9. HP: 51/60 MP: 0/0
  6013 | D:7      | Learned a level 4 spell: Hailstorm
  6335 | D:6      | Found a glowing drain.
  6344 | Sewer    | Entered a sewer
  7283 | D:6      | Reached skill level 8 in Spellcasting
  9516 | D:7      | Reached skill level 9 in Spellcasting
 10031 | D:8      | Reached XP level 10. HP: 65/67 MP: 0/0
 11862 | D:9      | Noticed a two-headed ogre
 11866 | D:9      | Killed a two-headed ogre
 11867 | D:9      | Reached skill level 10 in Spellcasting
 12214 | D:9      | Noticed Psyche
 12215 | D:9      | Noticed a two-headed ogre
 12615 | D:9      | Killed Psyche
 13134 | D:9      | Killed a two-headed ogre
 13779 | D:10     | Entered Level 10 of the Dungeon
 13781 | D:10     | Noticed a seven-headed hydra
 13786 | D:10     | Killed a seven-headed hydra
 13787 | D:10     | Reached skill level 5 in Fighting
 13787 | D:10     | Reached skill level 11 in Spellcasting
 13787 | D:10     | Reached XP level 11. HP: 54/75 MP: 0/0
 13787 | D:10     | Learned a level 5 spell: Bolt of Magma
 13798 | D:10     | HP: 2/76 [yak (4)]
 14117 | D:10     | Noticed a two-headed ogre
 14122 | D:10     | Killed a two-headed ogre
 14605 | D:10     | Noticed a two-headed ogre
 14609 | D:10     | Killed a two-headed ogre
 14684 | D:10     | Found Plog's Magic Scroll Emporium.
 14688 | D:10     | Bought a scroll of magic mapping for 49 gold pieces
 14688 | D:10     | Bought a scroll of identify for 28 gold pieces
 14688 | D:10     | Bought a scroll of brand weapon for 280 gold pieces
 14688 | D:10     | Bought a scroll of identify for 28 gold pieces
 14688 | D:10     | Bought a scroll of teleportation for 42 gold pieces
 14851 | D:10     | Found a staircase to the Lair.
 14851 | D:10     | Noticed an eight-headed hydra
 14867 | D:10     | Noticed an oklob plant
 14867 | D:10     | HP: 1/76 [oklob plant/splash of acid (7)]
 14878 | D:10     | HP: 3/76 [eight-headed hydra (18)]
 15294 | D:10     | Reached skill level 12 in Spellcasting
 15308 | D:10     | Killed an eight-headed hydra
 15528 | D:10     | Killed an oklob plant
 15951 | D:10     | Identified the +1 scale mail "Jilaario" {Int+3}
 16014 | D:11     | Noticed a five-headed hydra
 16016 | D:11     | Reached XP level 12. HP: 41/83 MP: 0/0
 16018 | D:11     | Killed a five-headed hydra
 16826 | D:11     | Reached skill level 1 in Armour
 17541 | D:12     | Reached skill level 13 in Spellcasting
 17781 | D:12     | Noticed a five-headed hydra
 17784 | D:12     | Killed a five-headed hydra
 17785 | D:12     | Found a staircase to the Orcish Mines.
 18476 | D:12     | Reached skill level 1 in Short Blades
 18479 | D:12     | Noticed a two-headed ogre
 18483 | D:12     | Killed a two-headed ogre
 19507 | D:12     | Noticed a centaur warrior
 19518 | D:12     | Killed a centaur warrior
 19519 | D:12     | Reached XP level 13. HP: 34/89 MP: 0/0
 19519 | D:12     | Learned a level 5 spell: Alistair's Intoxication
 20080 | D:13     | Found Roukkohy's Assorted Antiques.
 20088 | D:13     | Bought a potion of curing for 87 gold pieces
 20088 | D:13     | Bought a scroll of identify for 58 gold pieces
 20088 | D:13     | Bought a scroll labelled PABBEO FAHUDO for 29 gold pieces
 20088 | D:13     | Bought a scroll labelled POVVIAPSUCA for 29 gold pieces
 20088 | D:13     | Bought a scroll of identify for 58 gold pieces
 20088 | D:13     | Bought a scroll labelled POVVIAPSUCA for 29 gold pieces
 20280 | D:13     | Noticed a seven-headed hydra
 20283 | D:13     | Killed a seven-headed hydra
 20284 | D:13     | Reached skill level 14 in Spellcasting
 20389 | D:13     | Found Kuof's Magic Scroll Shop.
 20397 | D:13     | Bought a scroll of identify for 26 gold pieces
 20397 | D:13     | Bought a scroll of teleportation for 39 gold pieces
 20397 | D:13     | Bought a scroll of identify for 26 gold pieces
 20397 | D:13     | Bought a scroll of identify for 26 gold pieces
 20397 | D:13     | Bought a scroll of blinking for 97 gold pieces
 20397 | D:13     | Bought a scroll of blinking for 97 gold pieces
 20397 | D:13     | Bought a scroll of identify for 26 gold pieces
 20397 | D:13     | Bought a scroll of identify for 26 gold pieces
 20397 | D:13     | Bought a scroll of identify for 26 gold pieces
 20406 | D:13     | Noticed a four-headed hydra
 20409 | D:13     | Killed a four-headed hydra
 20536 | D:13     | Noticed a rakshasa
 20538 | D:13     | Killed a rakshasa
 20796 | D:13     | Found Ozuj's Jewellery Shoppe.
 21046 | D:13     | Found Pitoink's Antique Weapon Boutique.
 21058 | D:13     | Bought a twisted hand axe for 232 gold pieces
 21058 | D:13     | Identified the +6 hand axe of Tumult {freeze, Int+7} (You
                  | bought it in a shop on level 13 of the Dungeon)
 21230 | D:13     | Found a gate to the Vaults.
 21285 | D:13     | Reached skill level 5 in Armour
 21774 | Lair:1   | Entered Level 1 of the Lair of Beasts
 23094 | Lair:2   | Reached XP level 14. HP: 57/97 MP: 0/0
 23573 | Lair:2   | Reached skill level 15 in Spellcasting
 23628 | Lair:2   | Found a dark tunnel.
 23643 | Volcano  | Entered a volcano
 24536 | Lair:2   | Upgraded the game from 0.28-a0-381-g937acc2988 to
                  | 0.28-a0-384-g9e0c098162
 25272 | Lair:2   | Found a staircase to the Swamp.
 25909 | Lair:3   | Found a staircase to the Snake Pit.
 26263 | Lair:3   | Reached skill level 5 in Dodging
 28418 | Lair:4   | Reached skill level 16 in Spellcasting
 28838 | Lair:4   | Found the +8 whip "Snakebite" {venom, curare, rPois}
 29168 | Lair:4   | Reached XP level 15. HP: 99/104 MP: 0/0
 29168 | Lair:4   | Learned a level 6 spell: Dispersal
 29171 | Lair:4   | Noticed Rupert
 29176 | Lair:4   | Killed Rupert
 30548 | Lair:5   | Found a staircase to the Slime Pits.
 30548 | Lair:5   | Found a viscous altar of Jiyva.
 31663 | Lair:6   | Entered Level 6 of the Lair of Beasts
 33574 | Lair:6   | Reached skill level 17 in Spellcasting
 34741 | Lair:6   | Noticed a storm dragon
 34749 | Lair:6   | Killed a storm dragon
 34750 | Lair:6   | Reached XP level 16. HP: 43/112 MP: 0/0
 35862 | Lair:6   | Found a corrupted altar of Lugonu.
 35862 | Lair:6   | Found a one-way gate to the infinite horrors of the Abyss.
 36126 | Lair:6   | Identified a scroll of acquirement
 36129 | Lair:6   | Acquired 786 gold pieces
 36343 | Orc:1    | Entered Level 1 of the Orcish Mines
 36508 | Orc:2    | Entered Level 2 of the Orcish Mines
 38716 | Orc:2    | Found Mubikh's Distillery.
 39007 | Orc:2    | Bought a potion of curing for 45 gold pieces
 39007 | Orc:2    | Bought a potion of heal wounds for 75 gold pieces
 39007 | Orc:2    | Bought a potion of curing for 45 gold pieces
 39007 | Orc:2    | Bought a potion of curing for 45 gold pieces
 39007 | Orc:2    | Bought a potion of curing for 45 gold pieces
 39392 | Orc:2    | Found Afrovy's Magic Scroll Emporium.
 39403 | Orc:2    | Bought a scroll of magic mapping for 45 gold pieces
 39403 | Orc:2    | Bought a scroll of identify for 26 gold pieces
 39403 | Orc:2    | Bought a scroll of identify for 26 gold pieces
 39403 | Orc:2    | Bought a scroll of teleportation for 39 gold pieces
 39403 | Orc:2    | Bought a scroll of identify for 26 gold pieces
 39403 | Orc:2    | Bought a scroll of enchant weapon for 97 gold pieces
 39403 | Orc:2    | Bought a scroll of identify for 26 gold pieces
 39526 | Orc:2    | Found a staircase to the Elven Halls.
 39627 | Orc:2    | Found Enytos's Antique Armour Shop.
 39629 | Orc:2    | Found Mipavuhu's Antique Weapon Boutique.
 39884 | Orc:1    | Found a bloodstained altar of Trog.
 40218 | Snake:1  | Entered Level 1 of the Snake Pit
 40223 | Snake:1  | Bought a wand of mindburst (12) for 240 gold pieces
 40223 | Snake:1  | Bought a potion of haste for 150 gold pieces
 40423 | Snake:1  | Noticed Aizul
 40435 | Snake:1  | Killed Aizul
 40436 | Snake:1  | Reached skill level 10 in Fighting
 41025 | Snake:1  | Shot with an arrow by a naga sharpshooter

Illustrated notes

Levels and vault maps discovered:
D:1:      tarquinn_simple_flora_water_b, layout_loops_ring,
          hellmonk_ecumenical_altar_blasted, minmay_misc_feat_secret_circle,
          kennysheep_flooded_box, grunt_decor_clamped
D:2:      layout_basic
D:3:      layout_basic, chequers_serial_rivers_micro_c, uniq_grinder
D:4:      layout_basic, grunt_temple_overflow_open,
          minmay_temple_entry_statues_pillars, serial_shops,
          nicolae_take_the_stairs, nicolae_shop_overgrown_old_shop,
          nicolae_shop_trees, nicolae_shop_window_shopping, uniq_edmund,
          uniq_menkaure
D:5:      layout_gridville, nrook_mini_vaults, cheibrodos_gnoll_hut,
          uniq_sigmund
D:6:      layout_loops_cross, portal_sewer_entry_f
D:7:      layout_loops_ring
D:8:      layout_layer_cave
D:9:      layout_big_octagon, serial_co_window_serial, co_window_paths_a,
          co_window_paths_a, co_window_paths_a, co_window_corner_a,
          co_window_of_opportunity_a, co_window_of_opportunity_c,
          co_window_2corner, co_window_2corner, co_window_broadway_a,
          co_window_4corner_b, glass_columns_a, glass_columns_a,
          glass_columns_b, glass_columns_c, glass_columns_a, uniq_psyche
D:10:     layout_loops_ring, dpeg_oklobed_lair, serial_glass, glass_columns_b,
          glass_columns_c, glass_columns_c, glass_columns_b, glass_columns_a,
          glass_columns_b, serial_shops, shop, serial_park_tiny_pond,
          st_stairs_1
D:11:     layout_loops_ring, minmay_checkerbox
D:12:     layout_irregular_city, david_orc_5, nicolae_twisting_strands
D:13:     layout_roguey, david_vaults_4, serial_shops, shop_scrolls, shop,
          nicolae_shop_statue_plus, nicolae_shop_overgrown_old_shop,
          chequers_serial_rivers_small_3, grunt_ministairs_2
Lair:1:   layout_long_grid, infiniplex_staircase_pool_2, lemuel_fruit_tree
Lair:2:   layout_hall_layers, minmay_swamp_entry_reptiles, enter_volcano_3,
          lemuel_fruit_fields, grunt_megastairs_2
Lair:3:   layout_regular_city, minmay_snake_entry_six_corridors
Lair:4:   minmay_guarded_unrand_snakebite, layout_cave_pods,
          cheibrodos_lair_reptile_den, uniq_rupert
Lair:5:   layout_long_grid, slime_altar_1, special_room
          [special_room_mythical_zoo], lemuel_fruit_fields
Lair:6:   hellmonk_lair_end_abyssal_woods, layout_hall_layers
Snake:1:  layout_grid_maze, uniq_louise, uniq_aizul
Orc:1:    layout_caves, lemuel_statue_altar, mines2_david
Orc:2:    grunt_orc_community_town_hall, layout_caves,
          grunt_orc_community_big_house_2, grunt_orc_community_big_house_1,
          grunt_orc_community_house_2, grunt_orc_community_house_1,
          grunt_orc_community_house_1, grunt_orc_community_house_3,
          grunt_orc_community_house_2, grunt_orc_community_house_1,
          bh_open_orc_temple

Skill      XL: |  1  2  3  4  5  6  7  8  9 10 11 12 13 14 15 16 |
---------------+-------------------------------------------------+-----
Spellcasting   | 3 5 6 7 9 11 12 13 14 16 17 | 17.9
Fighting       | 1 2 3 5 6 7 8 9 10 | 10.0
Stealth        | 2 3 4 |  4.3
Dodging        | 4 5 |  5.2
Armour         | 3 5 7 8 |  8.0
Short Blades   | 1 |  1.8
Evocations     | |  0.4

Action                   |  1- 3 |  4- 6 |  7- 9 | 10-12 | 13-15 | 16-18 || total
-------------------------+-------+-------+-------+-------+-------+-------++-------
Melee: Dagger            |     1 |     1 |    20 |     2 |    20 |       ||    44
       Whip              |       |       |       |       |     1 |       ||     1
 Cast: Foxfire           |    74 |    76 |   302 |    17 |     7 |       ||   476
       Sticky Flame      |       |     2 |    28 |    17 |    12 |     2 ||    61
       Fireball          |       |       |       |   178 |   294 |   154 ||   626
       Bolt of Magma     |       |       |       |    10 |   116 |    33 ||   159
       Conjure Flame     |       |       |       |     1 |     1 |       ||     2
       Hailstorm         |       |       |       |     1 |    14 |       ||    15
       Poisonous Vapours |       |       |       |       |     3 |       ||     3
       Alistair's Intoxi |       |       |       |       |     1 |     1 ||     2
       Dispersal         |       |       |       |       |     1 |       ||     1
Invok: Potion Petition   |       |       |       |     2 |     1 |       ||     3
       Call Merchant     |       |       |       |       |       |     1 ||     1
Evoke: Wand              |       |       |       |     1 |       |       ||     1
  Use: Scroll            |       |       |     6 |    10 |    13 |     5 ||    34
       Potion            |       |       |       |     5 |     3 |     3 ||    11
 Stab: Sleeping          |     1 |       |       |       |       |       ||     1
Armor: Robe              |     1 |     1 |    11 |     4 |       |       ||    17
       Scale mail        |       |       |       |    18 |    41 |     8 ||    67
Dodge: Dodged            |     2 |    13 |    58 |    45 |    36 |    11 ||   165

Table legend: (Time is in decaauts)
 A = Elapsed time spent in this place.
 B = Non-inter-level travel time spent in this place.
 C = Inter-level travel time spent in this place.
 D = Time resting spent in this place.
 E = Time spent auto-exploring this place.
 F = Levels seen in this place.
 G = Mean time per level.
                   A        B        C        D        E       F      G
               +--------+--------+--------+--------+--------+-----+--------+
         Total |  41061 |  39688 |   1373 |   6997 |  28931 |  24 | 1710.9 |
       Dungeon |  21121 |  20453 |    668 |   3080 |  15397 |  13 | 1624.7 |
          Lair |  14076 |  13499 |    577 |   2188 |  10306 |   6 | 2346.0 |
     Snake Pit |    529 |    492 |     37 |      0 |    433 |   1 |  529.0 |
  Orcish Mines |   3752 |   3664 |     88 |   1228 |   2002 |   2 | 1876.0 |
         Sewer |    786 |    786 |      0 |    164 |    513 |   1 |  786.0 |
       Volcano |    794 |    794 |      0 |    337 |    280 |   1 |  794.0 |
               +--------+--------+--------+--------+--------+-----+--------+

Top non-repeatable levels by time:
  Lair:6: 3640 daAuts
  Lair:4: 2614 daAuts
    D:12: 2578 daAuts
     D:8: 2491 daAuts
  Lair:3: 2444 daAuts
  Lair:5: 2178 daAuts
    D:10: 1981 daAuts
   Orc:2: 1973 daAuts
  Lair:2: 1906 daAuts
     D:9: 1894 daAuts
   Orc:1: 1779 daAuts
    D:13: 1667 daAuts
     D:5: 1627 daAuts
     D:1: 1512 daAuts
    D:11: 1367 daAuts
